 Dungeon Sprint DCSS version 0.23.2-1-ga50397a (webtiles) character file.

Game seed: 2494091440859033726

271 whitewolfNL the Cudgeler (level 6, -4/79 HPs)
             Began as a Demonspawn Berserker on May 22, 2019.
             Was a Believer of Trog.
             Slain by a slime creature (11 damage)
             ... in the Dungeon (Sprint I: "Red Sonja").
             The game lasted 00:01:41 (485 turns).

whitewolfNL the Cudgeler (Demonspawn Berserker)      Turns: 485, Time: 00:01:41

Health: -4/79      AC:  4    Str: 23    XL:     6   Next: 2%
Magic:  0/6        EV: 15    Int:  8    God:    Trog [**....]
Gold:   162        SH:  0    Dex: 14    Spells: 5/5 levels left

rFire    . . .     SeeInvis .   a - +0 mace
rCold    . . .     Gourm    .   (no shield)
rNeg     . . .     Faith    .   b - +0 animal skin
rPois    .         Spirit   +   (no helmet)
rElec    .         Reflect  .   (no cloak)
rCorr    .         Harm     .   (no gloves)
MR       .....     NoTele   +   (no boots)
Stlth    ..........             (no amulet)
HPRegen  0.23/turn              (no ring)
MPRegen  0.10/turn              (no ring)

@: berserking, very quick
A: iridescent scales 1, powered by death 1, magic shield
a: Berserk, Trog's Hand, Renounce Religion


You were in the Dungeon.
You worshipped Trog.
Trog was pleased with you.
You were not hungry.

You visited 1 branch You collected 162 gold pieces.

Inventory:

Hand Weapons
 a - a +0 mace (weapon)
Armour
 b - a +0 animal skin (worn)
 k - a +0 leather armour
Scrolls
 i - a scroll of blinking
Potions
 d - a potion of curing
 e - a potion of heal wounds
 f - a potion of haste
 g - 2 potions of magic
 h - a potion of berserk rage
 l - a potion of degeneration {unknown}
Comestibles
 c - a ration
 j - 2 chunks of flesh


   Skills:
 + Level 6.4 Fighting
 * Level 7.9 Maces & Flails
 + Level 4.9 Armour
 + Level 5.3 Dodging


You had 5 spell levels left.
You didn't know any spells.
Your spell library was empty.

Dungeon Overview and Level Annotations

Branches:
Dungeon (1/1)

Altars:
Makhleb
Xom
Jiyva
Lugonu


Innate Abilities, Weirdness & Mutations

You are partially covered in iridescent scales. (AC +2)
You regenerate a little health from kills.
When hurt, damage is shared between your health and your magic reserves.


Message History

The slime creature is moderately wounded.
The slime creature misses you.
You sock the slime creature!
The slime creature is heavily wounded.
The slime creature hits you.
You hit the slime creature but do no damage.
The slime creature is heavily wounded.
The slime creature hits you.
You sock the slime creature!
The slime creature is heavily wounded.
The slime creature hits you!!
* * * LOW HITPOINT WARNING * * *
A red film seems to cover your vision as you go berserk!
You feel yourself moving faster!
You feel mighty!
You feel a lot more hungry. The slime creature closely misses you.
You barely miss the slime creature.
The slime creature is heavily wounded.
The slime creature jiggles.
The slime creature hits you!
You die...

###################
#<.#..').#.)'..#__#
#..').#..'..#..@J.+
#..#####'#####+#__#
#..# #..# ### #..#
#### #..# #⌠⌠# ####


You could see a slime creature.

Vanquished Creatures
  Sigmund (D)
  An ogre (D)
  Ijyb (D)
3 creatures vanquished.

Notes
Turn   | Place    | Note
-------+----------+-------------------------------------------
     0 | D        | whitewolfNL the Demonspawn Berserker began the quest for
                  | the Orb.
     0 | D        | Reached XP level 1. HP: 18/18 MP: 1/1
     1 | D        | Noticed Ijyb
    16 | D        | Killed Ijyb
    16 | D        | Reached skill level 4 in Maces & Flails
    16 | D        | Gained mutation: You regenerate a little health from kills.
                  | [demonic ancestry]
    16 | D        | Reached XP level 2. HP: 5/25 MP: 2/2
   257 | D        | Noticed an ogre
   264 | D        | Killed an ogre
   264 | D        | Reached skill level 5 in Fighting
   264 | D        | Reached skill level 6 in Maces & Flails
   264 | D        | Reached XP level 3. HP: 16/33 MP: 3/3
   264 | D        | Reached XP level 4. HP: 20/39 MP: 4/4
   432 | D        | Noticed Sigmund
   441 | D        | Killed Sigmund
   441 | D        | Reached ** piety under Trog
   441 | D        | Reached skill level 7 in Maces & Flails
   441 | D        | Reached skill level 5 in Dodging
   441 | D        | Gained mutation: You are partially covered in iridescent
                  | scales. (AC +2) [demonic ancestry]
   441 | D        | Reached XP level 5. HP: 37/47 MP: 5/5
   441 | D        | Gained mutation: When hurt, damage is shared between your
                  | health and your magic reserves. [demonic ancestry]
   441 | D        | Reached XP level 6. HP: 42/53 MP: 6/6
   473 | D        | Found a burning altar of Makhleb.
   473 | D        | Found a viscous altar of Jiyva.
   473 | D        | Found a shimmering altar of Xom.
   473 | D        | Found a corrupted altar of Lugonu.
   473 | D        | Noticed a slime creature
   485 | D        | Slain by a slime creature

Skill      XL: |  1  2  3  4 |
---------------+-------------+-----
Fighting       | 4 5 6 |  6.4
Maces & Flails | 4 6 7 |  7.9
Armour         | 2 3 4 |  4.9
Dodging        | 2 4 5 |  5.3

Action                   |  1- 3 |  4- 6 || total
-------------------------+-------+-------++-------
Melee: Mace              |    20 |    15 ||    35
Invok: Berserk           |     1 |     1 ||     2
 Stab: Sleeping          |       |     1 ||     1
Armor: Animal skin       |     1 |       ||     1
Dodge: Dodged            |    10 |     7 ||    17
